% Time on Ice - SAN JOSE BRONCOS
Lines # - Real PCT - Wanted PCT - Time Play
Normal Forward
1 - 36% - 36% - 18:03
2 - 32% - 33% - 16:19
3 - 25% - 25% - 12:28
4 - 7% - 6% - 3:40
Normal Defense
1 - 35% - 37% - 17:54
2 - 35% - 33% - 17:41
3 - 30% - 30% - 14:55
4 - 0% - 0% - 0:00
PP Forward
1 - 40% - 60% - 1:26
2 - 60% - 40% - 2:07
PP Defense
1 - 55% - 60% - 1:58
2 - 45% - 40% - 1:35
PK Forward
1 - 50% - 50% - 1:58
2 - 50% - 50% - 2:00
PK Defense
1 - 50% - 50% - 1:59
2 - 50% - 50% - 1:59
PK3 Forward
1 - 0% - 50%
2 - 0% - 50%
PK3 Defense
1 - 0% - 55%
2 - 0% - 45%
44 Forward
1 - 42% - 50% - 0:50
2 - 58% - 50% - 1:09
44 Defense
1 - 58% - 50% - 1:09
2 - 42% - 50% - 0:50
Last Minute Offensive  - 0:00
Last Minute Defensive  - 0:00
Total
Forward - 60:00
Defense - 60:00
% Time on Ice - OAKLAND GORILLAS
Lines # - Real PCT - Wanted PCT - Time Play
Normal Forward
1 - 38% - 36% - 19:10
2 - 30% - 31% - 15:12
3 - 21% - 23% - 10:23
4 - 11% - 10% - 5:45
Normal Defense
1 - 36% - 36% - 18:16
2 - 31% - 31% - 15:39
3 - 26% - 23% - 13:02
4 - 7% - 10% - 3:33
PP Forward
1 - 48% - 55% - 1:55
2 - 52% - 45% - 2:03
PP Defense
1 - 55% - 55% - 2:12
2 - 45% - 45% - 1:46
PK Forward
1 - 72% - 55% - 2:33
2 - 28% - 45% - 1:00
PK Defense
1 - 38% - 55% - 1:22
2 - 62% - 45% - 2:11
PK3 Forward
1 - 0% - 55%
2 - 0% - 45%
PK3 Defense
1 - 0% - 55%
2 - 0% - 45%
44 Forward
1 - 52% - 55% - 1:02
2 - 48% - 45% - 0:57
44 Defense
1 - 52% - 55% - 1:02
2 - 48% - 45% - 0:57
Last Minute Offensive  - 0:00
Last Minute Defensive  - 0:00
Total
Forward - 60:00
Defense - 60:00
Play-by-Play 1st period 0:01 of 1st period - Nico Hischier wins face-off versus Brayden Point in neutral zone. 0:08 of 1st period - Shot by Tyler Toffoli. 0:08 of 1st period - Shot Misses the Net. 0:18 of 1st period - Nico Hischier is hit by Brayden Point and loses puck. 0:23 of 1st period - Shot by Elias Lindholm. 0:23 of 1st period - Shot Misses the Net. 0:31 of 1st period - Shot by Elias Lindholm. 0:31 of 1st period - Stopped by Frederik Andersen with a rebound. 0:33 of 1st period - Shot by Hampus Lindholm. 0:33 of 1st period - Shot Misses the Net. 0:39 of 1st period - Shot by Oliver Bjorkstrand. 0:39 of 1st period - Stopped by Frederik Andersen without a rebound. 0:40 of 1st period - Evgeni Malkin wins face-off versus Alexander Wennberg in OAKLAND GORILLAS zone. 0:43 of 1st period - Shot by Evgeni Malkin. 0:43 of 1st period - Shot Blocked by Nick Leddy. 0:45 of 1st period - Shot by Claude Giroux. 0:45 of 1st period - Goal by Claude Giroux - SAN JOSE BRONCOS : 1 - OAKLAND GORILLAS : 0. 0:46 of 1st period - Nick Bonino wins face-off versus Lucas Wallmark in neutral zone. 1:18 of 1st period - Shot by Jesper Bratt. 1:18 of 1st period - Shot Misses the Net. 1:26 of 1st period - Shot by Anthony Beauvillier. 1:26 of 1st period - Shot Misses the Net. 1:51 of 1st period - Connor Brown is hit by Jonathan Drouin and loses puck. 2:00 of 1st period - Shot by Kevin Shattenkirk. 2:00 of 1st period - Shot Blocked by Neal Pionk. 2:17 of 1st period - Shot by Jonathan Drouin. 2:17 of 1st period - Stopped by Petr Mrazek without a rebound. 2:18 of 1st period - Brayden Point wins face-off versus Devin Shore in SAN JOSE BRONCOS zone. 2:35 of 1st period - Shot by Brayden Point. 2:35 of 1st period - Shot Misses the Net. 2:37 of 1st period - Shot by Jaccob Slavin. 2:37 of 1st period - Shot Misses the Net. 3:32 of 1st period - Shot by David Kampf. 3:32 of 1st period - Shot Misses the Net. 3:34 of 1st period - Shot by Tyler Motte. 3:34 of 1st period - Shot Blocked by Nico Hischier. 3:40 of 1st period - Shot by Tyler Motte. 3:40 of 1st period - Goal by Tyler Motte - SAN JOSE BRONCOS : 2 - OAKLAND GORILLAS : 0. 3:41 of 1st period - Evgeni Malkin wins face-off versus Alexander Wennberg in neutral zone. 3:41 of 1st period - Evgeni Malkin is hit by Colin White. 4:04 of 1st period - Shot by Connor Brown. 4:04 of 1st period - Shot Blocked by Nikita Zadorov. 4:44 of 1st period - Nico Hischier is hit by Anthony Beauvillier and loses puck. 4:51 of 1st period - Shot by Jesper Bratt. 4:51 of 1st period - Shot Misses the Net. 4:53 of 1st period - Shot by Jaccob Slavin. 4:53 of 1st period - Stopped by Frederik Andersen with a rebound. 4:55 of 1st period - Shot by Anthony Beauvillier. 4:55 of 1st period - Shot Misses the Net. 4:57 of 1st period - Shot by Nick Bonino. 4:57 of 1st period - Stopped by Frederik Andersen without a rebound. 4:58 of 1st period - Lucas Wallmark wins face-off versus Brayden Point in OAKLAND GORILLAS zone. 5:17 of 1st period - Shot by Jack Roslovic. 5:17 of 1st period - Stopped by Petr Mrazek without a rebound. 5:18 of 1st period - Nick Bonino wins face-off versus Nico Hischier in SAN JOSE BRONCOS zone. 7:09 of 1st period - Icing by Marco Scandella. 7:10 of 1st period - Brayden Point wins face-off versus Lucas Wallmark in SAN JOSE BRONCOS zone. 7:10 of 1st period - Brayden Point is hit by Lucas Wallmark. 7:30 of 1st period - Minor Penalty to Neal Pionk for High sticking. 7:31 of 1st period - Tyler Toffoli wins face-off versus Charlie Coyle in SAN JOSE BRONCOS zone. 8:08 of 1st period - Oliver Bjorkstrand is hit by Nico Hischier and loses puck. 9:11 of 1st period - Icing by Alexander Wennberg. 9:12 of 1st period - Nick Bonino wins face-off versus Alexander Wennberg in OAKLAND GORILLAS zone. 9:39 of 1st period - Shot by Evgeni Malkin. 9:39 of 1st period - Shot Misses the Net. 9:41 of 1st period - Shot by Connor Brown. 9:41 of 1st period - Deflect By Claude Giroux. 9:41 of 1st period - Shot Blocked by Jack Roslovic. 9:43 of 1st period - Shot by Connor Brown. 9:43 of 1st period - Shot Misses the Net. 9:45 of 1st period - Shot by Claude Giroux. 9:45 of 1st period - Shot Blocked by Nikita Zadorov. 10:04 of 1st period - Shot by Connor Brown. 10:04 of 1st period - Stopped by Frederik Andersen without a rebound. 10:05 of 1st period - Nico Hischier wins face-off versus Anthony Beauvillier in OAKLAND GORILLAS zone. 10:22 of 1st period - Shot by Jakob Chychrun. 10:22 of 1st period - Shot Misses the Net. 10:36 of 1st period - Shot by Tyler Toffoli. 10:36 of 1st period - Stopped by Petr Mrazek without a rebound. 10:37 of 1st period - Evgeni Malkin wins face-off versus Joel Farabee in SAN JOSE BRONCOS zone. 11:21 of 1st period - Shot by Evgeni Malkin. 11:21 of 1st period - Stopped by Frederik Andersen with a rebound. 11:33 of 1st period - Evgeni Malkin is hit by Jonathan Drouin and loses puck. 12:12 of 1st period - Shot by Nico Hischier. 12:12 of 1st period - Goal by Nico Hischier - SAN JOSE BRONCOS : 2 - OAKLAND GORILLAS : 1. 12:13 of 1st period - Nico Hischier wins face-off versus Brayden Point in neutral zone. 12:24 of 1st period - Shot by Nico Hischier. 12:24 of 1st period - Stopped by Petr Mrazek with a rebound. 12:27 of 1st period - Icing by Neal Pionk. 12:28 of 1st period - Lucas Wallmark wins face-off versus Brayden Point in SAN JOSE BRONCOS zone. 13:16 of 1st period - Off-side. 13:17 of 1st period - Nico Hischier wins face-off versus Nick Bonino in neutral zone. 13:22 of 1st period - Shot by Tyler Toffoli. 13:22 of 1st period - Shot Misses the Net. 13:37 of 1st period - Shot by Nico Hischier. 13:37 of 1st period - Stopped by Petr Mrazek with a rebound. 13:39 of 1st period - Shot by Nico Hischier. 13:39 of 1st period - Stopped by Petr Mrazek with a rebound. 13:41 of 1st period - Shot by Nico Hischier. 13:41 of 1st period - Stopped by Petr Mrazek without a rebound. 13:42 of 1st period - Charlie Coyle wins face-off versus Colin White in SAN JOSE BRONCOS zone. 14:02 of 1st period - Charlie Coyle is hit by Kurtis MacDermid and loses puck. 14:05 of 1st period - Shot by Charlie Coyle. 14:05 of 1st period - Shot Blocked by Jonathan Drouin. 14:22 of 1st period - Icing by Nikita Zadorov. 14:23 of 1st period - Colin White wins face-off versus Brayden Point in OAKLAND GORILLAS zone. 14:23 of 1st period - Alexander Wennberg is hit by Brayden Point and loses puck. 14:40 of 1st period - Shot by Oliver Bjorkstrand. 14:40 of 1st period - Shot Blocked by Nikita Zadorov. 14:44 of 1st period - Shot by Oliver Bjorkstrand. 14:44 of 1st period - Stopped by Frederik Andersen without a rebound. 14:45 of 1st period - Jesper Bratt wins face-off versus Nico Hischier in OAKLAND GORILLAS zone. 15:05 of 1st period - Anthony Beauvillier is hit by Mikhail Sergachev and loses puck. 15:17 of 1st period - Anthony Beauvillier is hit by Mikhail Sergachev and loses puck. 15:37 of 1st period - Jaccob Slavin is hit by Andreas Johnsson and loses puck. 15:47 of 1st period - Minor Penalty to Mikhail Sergachev for Hooking. 15:48 of 1st period - Brayden Point wins face-off versus Colin White in OAKLAND GORILLAS zone. 15:53 of 1st period - Shot by Elias Lindholm. 15:53 of 1st period - Shot Misses the Net. 16:07 of 1st period - Shot by Elias Lindholm. 16:07 of 1st period - Stopped by Frederik Andersen without a rebound. 16:08 of 1st period - Evgeni Malkin wins face-off versus Colin White in OAKLAND GORILLAS zone. 16:17 of 1st period - Shot by Evgeni Malkin. 16:17 of 1st period - Deflect By Claude Giroux. 16:17 of 1st period - Shot Blocked by Jakob Chychrun. 16:19 of 1st period - Shot by Chris Tanev. 16:19 of 1st period - Shot Misses the Net. 16:27 of 1st period - Shot by Evgeni Malkin. 16:27 of 1st period - Stopped by Frederik Andersen with a rebound. 16:29 of 1st period - Shot by Oliver Bjorkstrand. 16:29 of 1st period - Shot Misses the Net. 16:31 of 1st period - Shot by Oliver Bjorkstrand. 16:31 of 1st period - Deflect By Claude Giroux. 16:31 of 1st period - Shot Misses the Net. 16:33 of 1st period - Shot by Chris Tanev. 16:33 of 1st period - Shot Misses the Net. 16:35 of 1st period - Shot by Chris Tanev. 16:35 of 1st period - Stopped by Frederik Andersen without a rebound. 16:36 of 1st period - Brayden Point wins face-off versus Lucas Wallmark in OAKLAND GORILLAS zone. 16:37 of 1st period - Shot by Neal Pionk. 16:37 of 1st period - Shot Misses the Net. 16:39 of 1st period - Shot by Brayden Point. 16:39 of 1st period - Shot Misses the Net. 16:41 of 1st period - Shot by Jaccob Slavin. 16:41 of 1st period - Shot Blocked by Nikita Zadorov. 16:43 of 1st period - Shot by Jaccob Slavin. 16:43 of 1st period - Shot Misses the Net. 16:45 of 1st period - Shot by Connor Brown. 16:45 of 1st period - Shot Misses the Net. 16:47 of 1st period - Shot by Jaccob Slavin. 16:47 of 1st period - Shot Hit the Post. 16:49 of 1st period - Shot by Elias Lindholm. 16:49 of 1st period - Goal by Elias Lindholm - SAN JOSE BRONCOS : 3 - OAKLAND GORILLAS : 1. 16:50 of 1st period - Nick Bonino wins face-off versus Nico Hischier in neutral zone. 17:03 of 1st period - Shot by Nico Hischier. 17:03 of 1st period - Goal by Nico Hischier - SAN JOSE BRONCOS : 3 - OAKLAND GORILLAS : 2. 17:04 of 1st period - Alexander Wennberg wins face-off versus Brayden Point in neutral zone. 17:06 of 1st period - Off-side. 17:07 of 1st period - Nico Hischier wins face-off versus Brayden Point in neutral zone. 17:24 of 1st period - Elias Lindholm is hit by Nico Hischier and loses puck. 18:26 of 1st period - Shot by Evgeni Malkin. 18:26 of 1st period - Shot Misses the Net. 18:28 of 1st period - Shot by Connor Brown. 18:28 of 1st period - Shot Misses the Net. 18:42 of 1st period - Shot by Evgeni Malkin. 18:42 of 1st period - Shot Misses the Net. 18:56 of 1st period - Shot by Claude Giroux. 18:56 of 1st period - Shot Blocked by Mikhail Sergachev. 19:07 of 1st period - Off-side. 19:08 of 1st period - Nick Bonino wins face-off versus Lucas Wallmark in neutral zone. 19:11 of 1st period - Shot by Nick Bonino. 19:11 of 1st period - Stopped by Frederik Andersen without a rebound. 19:12 of 1st period - Nick Bonino wins face-off versus Lucas Wallmark in OAKLAND GORILLAS zone. 19:29 of 1st period - Shot by Lucas Wallmark. 19:29 of 1st period - Stopped by Petr Mrazek with a rebound. Goals for this period are 3 for SAN JOSE BRONCOS vs 2 for OAKLAND GORILLAS. Shots for this period are 14 for SAN JOSE BRONCOS vs 10 for OAKLAND GORILLAS. 2nd period 0:01 of 2nd period - Brayden Point wins face-off versus Nico Hischier in neutral zone. 0:14 of 2nd period - Shot by Brayden Point. 0:14 of 2nd period - Stopped by Frederik Andersen with a rebound. 0:36 of 2nd period - Elias Lindholm is hit by Nico Hischier and loses puck. 0:48 of 2nd period - Icing by Nick Leddy. 0:49 of 2nd period - Evgeni Malkin wins face-off versus Nico Hischier in OAKLAND GORILLAS zone. 1:03 of 2nd period - Off-side. 1:04 of 2nd period - Alexander Wennberg wins face-off versus Jesper Bratt in neutral zone. 1:25 of 2nd period - Shot by Jesper Bratt. 1:25 of 2nd period - Stopped by Frederik Andersen with a rebound. 1:27 of 2nd period - Shot by Adam Pelech. 1:27 of 2nd period - Stopped by Frederik Andersen without a rebound. 1:28 of 2nd period - Evgeni Malkin wins face-off versus Lucas Wallmark in OAKLAND GORILLAS zone. 1:31 of 2nd period - Shot by Connor Brown. 1:31 of 2nd period - Stopped by Frederik Andersen with a rebound. 1:47 of 2nd period - Shot by Claude Giroux. 1:47 of 2nd period - Shot Blocked by Mikhail Sergachev. 1:49 of 2nd period - Shot by Claude Giroux. 1:49 of 2nd period - Deflect By Evgeni Malkin. 1:49 of 2nd period - Goal by Evgeni Malkin - SAN JOSE BRONCOS : 4 - OAKLAND GORILLAS : 2. 1:49 of 2nd period - Louis Domingue enters game. 1:50 of 2nd period - Brayden Point wins face-off versus Alexander Wennberg in neutral zone. 2:22 of 2nd period - Shot by Elias Lindholm. 2:22 of 2nd period - Shot Misses the Net. 2:25 of 2nd period - Icing by Alexander Wennberg. 2:26 of 2nd period - Evgeni Malkin wins face-off versus Jonathan Drouin in OAKLAND GORILLAS zone. 2:27 of 2nd period - Shot by Claude Giroux. 2:27 of 2nd period - Shot Misses the Net. 2:41 of 2nd period - Shot by Alexander Wennberg. 2:41 of 2nd period - Stopped by Petr Mrazek with a rebound. 2:58 of 2nd period - Chris Tanev is hit by Andreas Johnsson and loses puck. 4:20 of 2nd period - Shot by Brayden Point. 4:20 of 2nd period - Shot Misses the Net. 4:25 of 2nd period - Icing by Nikita Zadorov. 4:26 of 2nd period - Lucas Wallmark wins face-off versus Jesper Bratt in OAKLAND GORILLAS zone. 4:26 of 2nd period - Alexander Nylander is hit by Jesper Bratt and loses puck. 4:34 of 2nd period - Nikita Zadorov is hit by Adam Pelech and loses puck. 4:51 of 2nd period - Nick Bonino is hit by Jonathan Drouin and loses puck. 5:05 of 2nd period - Colin White is hit by Adam Pelech and loses puck. 5:10 of 2nd period - Shot by Alexander Wennberg. 5:10 of 2nd period - Shot Misses the Net. 5:22 of 2nd period - Shot by Colin White. 5:22 of 2nd period - Stopped by Petr Mrazek with a rebound. 5:24 of 2nd period - Shot by Colin White. 5:24 of 2nd period - Stopped by Petr Mrazek without a rebound. 5:25 of 2nd period - Brayden Point wins face-off versus Nico Hischier in SAN JOSE BRONCOS zone. 5:42 of 2nd period - Shot by Brayden Point. 5:42 of 2nd period - Stopped by Louis Domingue without a rebound. 5:43 of 2nd period - Evgeni Malkin wins face-off versus Devin Shore in OAKLAND GORILLAS zone. 6:44 of 2nd period - Icing by Jaccob Slavin. 6:45 of 2nd period - Tyler Toffoli wins face-off versus Brayden Point in SAN JOSE BRONCOS zone. 7:04 of 2nd period - Shot by Oliver Bjorkstrand. 7:04 of 2nd period - Stopped by Louis Domingue with a reboun